 Dungeon Crawl Stone Soup version 0.24.0-123-gd5b16e6ec5 (webtiles) character file.

Game seed: 8295673764098738540, levelgen mode: deterministic

143 punk the Shield-Bearer (level 5, -6/46 HPs)
             Began as a Hill Orc Fighter on Dec 27, 2019.
             Was an Initiate of Gozag.
             Splashed by Ijyb's acid (9 damage)
             ... on level 3 of the Dungeon.
             The game lasted 00:11:46 (2317 turns).

punk the Shield-Bearer (Hill Orc Fighter)           Turns: 2317, Time: 00:11:46

Health: -6/46      AC: 11    Str: 19 (20) XL:     5   Next: 25%
Magic:  5/5        EV:  3    Int:  8      God:    Gozag
Gold:   374        SH:  9    Dex:  9 (10) Spells: 4/4 levels left

rFire    . . .     SeeInvis .   a - +1 war axe
rCold    . . .     Gourm    .   c - +0 shield
rNeg     . . .     Faith    .   g - +0 plate armour
rPois    .         Spirit   .   (no helmet)
rElec    .         Reflect  .   (no cloak)
rCorr    .         Harm     .   (no gloves)
MR       .....                  (no boots)
Stlth    ..........             (no amulet)
HPRegen  0.15/turn              (no ring)
MPRegen  0.09/turn              (no ring)

@: gold aura
A: no striking features
a: Potion Petition, Call Merchant, Bribe Branch, Renounce Religion


You were on level 3 of the Dungeon.
You worshipped Gozag.
Gozag was aware of your devotion.
You were very hungry.

You visited 1 branch of the dungeon, and saw 3 of its levels.

You collected 415 gold pieces.
You paid 41 gold pieces to Gozag.

Inventory:

Hand Weapons
 a - a +1 war axe (weapon)
Armour
 c - a +0 shield (worn)
 g - a +0 plate armour (worn)
 m - a +0 cloak
Jewellery
 d - an uncursed amulet of rage {unknown}
 i - a cursed -2 ring of dexterity {unknown}
 j - an uncursed ring of poison resistance {unknown}
 k - an uncursed ring of stealth {unknown}
Scrolls
 b - 4 scrolls of teleportation
 e - a scroll of fear
 l - 4 scrolls of remove curse
Potions
 h - a potion of agility {unknown}
Comestibles
 f - 7 rations


   Skills:
 + Level 4.2 Fighting
 + Level 4.3 Axes
 + Level 4.3 Armour
 + Level 0.3 Dodging
 + Level 4.3 Shields


You had 4 spell levels left.
You didn't know any spells.
Your spell library was empty.

Dungeon Overview and Level Annotations

Branches:
Dungeon (3/15)

Altars:
Cheibriados
Dithmenos
Gozag
Nemelex Xobeh
Sif Muna
Xom
Yredelemnul

Annotations:
D:3 Ijyb


Message History

The goblin drinks a potion.
The goblin suddenly seems more resistant.
Your shield and plate armour prevent you from hitting the goblin.
Ijyb the Twisted Goblin comes into view.
She is carrying a wand of acid (12).
The goblin hits you but does no damage.
You slash the goblin!
You kill the goblin!
Things that are here:
5 gold pieces; a +0 dagger You hit Ijyb but do no damage.
You block Ijyb's attack.
Your plate armour prevents you from hitting Ijyb.
Ijyb zaps a wand.
The bolt of acid hits you.
You are splashed with acid!
Ijyb zaps a wand.
The bolt of acid hits you.
You are splashed with acid!
* * * LOW HITPOINT WARNING * * *
Your shield and plate armour prevent you from hitting Ijyb.
Ijyb zaps a wand.
The bolt of acid hits you!
* * * LOW HITPOINT WARNING * * *
You are splashed with acid!
You die...
Your body crumbles into a pile of gold.

.##..#### .##..# ...
.##..##### ...
.......... ... .....####
#.# ###..#######.#
#######
#.......##.#+##..8.8.8
#).#######............
.##..#######...$@g......
.........())............
.##..##.#####..((.......
$ ........# #).)........
.##..##.# ##)##..8.8!8
.....##.# #.# #######
.##.###.# #.# .. #.# #.#
## #.# #.#


You could see Ijyb.

Vanquished Creatures
  An orc wizard (D:3)
  4 gnolls (D:2)
  An adder (D:2)
  3 worms (D:2)
  2 leopard geckos (D:2)
  4 orcs (D:3)
  6 bats
  2 giant cockroaches (D:2)
  13 goblins
  4 hobgoblins
  5 kobolds
  2 quokkas
  A ball python (D:1)
  A frilled lizard (D:3)
  2 rats (D:2)
51 creatures vanquished.

Notes
Turn   | Place    | Note
-------+----------+-------------------------------------------
     0 | D:1      | punk the Hill Orc Fighter began the quest for the Orb.
     0 | D:1      | Reached XP level 1. HP: 19/19 MP: 1/1
   418 | D:1      | Reached XP level 2. HP: 26/27 MP: 2/2
   811 | D:2      | Found a basalt altar of Yredelemnul.
   811 | D:2      | Found a shimmering blue altar of Sif Muna.
   811 | D:2      | Found a shadowy altar of Dithmenos.
   812 | D:2      | Found an opulent altar of Gozag.
   839 | D:2      | Became a worshipper of Gozag Ym Sagoz the Greedy
  1043 | D:2      | Reached XP level 3. HP: 29/33 MP: 3/3
  1445 | D:2      | Reached XP level 4. HP: 40/40 MP: 4/4
  1613 | D:2      | Found a shimmering altar of Xom.
  1624 | D:2      | Found a sparkling altar of Nemelex Xobeh.
  1635 | D:2      | Found a snail-covered altar of Cheibriados.
  2254 | D:3      | Reached XP level 5. HP: 44/46 MP: 5/5
  2311 | D:3      | Noticed Ijyb
  2317 | D:3      | Splashed by Ijyb's acid

Levels and vault maps discovered:
D:1:      dpeg_arrival_tiny_c, layout_loops_corners
D:2:      layout_basic, grunt_temple_overflow_diamond,
          chequers_temple_overflow_statue_of_worship
D:3:      kennysheep_the_goblin_king, layout_basic, uniq_terence

Skill      XL: |  1  2  3  4 |
---------------+-------------+-----
Fighting       | 4 |  4.2
Axes           | 3 4 |  4.3
Shields        | 4 |  4.3
Armour         | 4 |  4.3
Dodging        | |  0.3

Action                   |  1- 3 |  4- 6 || total
-------------------------+-------+-------++-------
Melee: War axe           |    77 |   115 ||   192
  Use: Potion            |     4 |       ||     4
       Scroll            |     3 |     3 ||     6
  Eat: Ration            |     1 |       ||     1
Armor: Scale mail        |    28 |       ||    28
       Plate armour      |    58 |    68 ||   126
Dodge: Dodged            |    25 |    18 ||    43
Block: Shield            |    64 |    45 ||   109
